 Dungeon Crawl Stone Soup version 0.23.0-3-gf3c87f2df8 (webtiles) character file.

Game seed: 389266195016297010

198 Kisielow the Chopper (level 5, 0/46 HPs)
             Began as a Hill Orc Fighter on Feb 21, 2019.
             Was an Initiate of Beogh.
             Killed by divine providence
             ... invoked by an orc priest
              (12 damage)
             ... on level 4 of the Dungeon.
             The game lasted 00:04:30 (2766 turns).

Kisielow the Chopper (Hill Orc Fighter)             Turns: 2766, Time: 00:04:31

Health: 0/46       AC:  8    Str: 20    XL:     5   Next: 77%
Magic:  5/5        EV:  7    Int:  8    God:    Beogh [......]
Gold:   95         SH:  9    Dex: 10    Spells: 4/4 levels left

rFire    . . .     SeeInvis .   a - +0 war axe
rCold    . . .     Gourm    .   c - +0 shield
rNeg     . . .     Faith    .   b - +0 scale mail
rPois    .         Spirit   .   (no helmet)
rElec    .         Reflect  .   (no cloak)
rCorr    .         Harm     .   (no gloves)
MR       .....                  s - +0 pair of boots
Stlth    ..........             (no amulet)
HPRegen  0.15/turn              (no ring)
MPRegen  0.09/turn              (no ring)

@: no status effects
A: no striking features
a: Renounce Religion


You were on level 4 of the Dungeon.
You worshipped Beogh.
Beogh was noncommittal.
You were not hungry.

You visited 1 branch of the dungeon, and saw 4 of its levels.

You collected 95 gold pieces.

Inventory:

Hand Weapons
 a - a +0 war axe (weapon)
Armour
 b - a +0 scale mail (worn)
 c - a +0 shield (worn)
 s - a +0 pair of boots (worn)
Jewellery
 h - an uncursed ring of see invisible {unknown}
 n - an uncursed ring of protection from magic {unknown}
Scrolls
 i - a scroll of blinking {unknown}
 j - 4 scrolls of identify {unknown}
 k - a scroll of fog {unknown}
 o - 2 scrolls of teleportation {unknown}
 q - a scroll of magic mapping {unknown}
 r - 2 scrolls of remove curse {unknown}
Potions
 d - 5 potions of might
 e - a potion of curing {unknown}
 l - a potion of flight {unknown}
 m - a potion of agility {unknown}
 p - a potion of invisibility {unknown}
Comestibles
 f - 6 rations


   Skills:
 + Level 4.2 Fighting
 * Level 6.5 Axes
 + Level 3.8 Armour
 + Level 3.8 Shields


You had 4 spell levels left.
You didn't know any spells.
Your spell library was empty.

Dungeon Overview and Level Annotations

Branches:
Dungeon (4/15)
 Temple: D:4-7

Altars:
Cheibriados
Trog


Message History

You start resting.
An orc comes into view. It is wielding a +1 mace of holy wrath.
An orc is nearby!
The orc shouts!
You hear a shout!
An orc comes into view. It is wielding a +0 hand axe.
You hear a shout!
There are no items here.
There are no items here.
An orc priest comes into view. It is wielding a +0 mace.
The orc priest shouts!
You are too injured to fight recklessly!
You are too injured to fight recklessly!
You are too injured to fight recklessly!
You slash the orc!
You kill the orc!
Beogh accepts your kill.
The orc priest invokes the aid of Beogh against you.
Beogh smites you!
You die...
Beogh appreciates the orc priest's killing of a heretic priest.

###########
#######........># .
..#.............######....
...####...........)o.o....
...# ####.....o######....
...# ####..)##..o... .
...# ####@..# ...# #####
..... ...#.# ...#..


You could see an orc priest and an orc.

Vanquished Creatures
  An orc wizard (D:4)
  7 adders
  6 worms
  A dart slug (D:3)
  2 leopard geckos (D:3)
  5 orcs
  A ball python (D:2)
  4 giant cockroaches
  13 goblins
  14 hobgoblins
  5 jackals
  2 quokkas (D:2)
  6 bats
  2 frilled lizards (D:2)
  6 kobolds
  4 rats
79 creatures vanquished.

Vanquished Creatures (others)
  An orc (D:3)
1 creature vanquished.

Grand Total: 80 creatures vanquished

Notes
Turn   | Place    | Note
-------+----------+-------------------------------------------
     0 | D:1      | Kisielow the Hill Orc Fighter began the quest for the Orb.
     0 | D:1      | Reached XP level 1. HP: 19/19 MP: 1/1
    27 | D:1      | Reached skill level 3 in Axes
    77 | D:1      | Reached XP level 2. HP: 26/26 MP: 2/2
   251 | D:1      | Reached skill level 4 in Axes
   913 | D:2      | Reached XP level 3. HP: 31/31 MP: 3/3
   927 | D:2      | Reached skill level 5 in Axes
  1149 | D:2      | Reached XP level 4. HP: 31/39 MP: 4/4
  1152 | D:2      | Found a faded altar of an unknown god.
  1626 | D:2      | Found a bloodstained altar of Trog.
  1757 | D:3      | Reached skill level 6 in Axes
  1893 | D:3      | Reached XP level 5. HP: 43/46 MP: 5/5
  2383 | D:3      | Became a worshipper of Beogh the Brigand
  2529 | D:3      | Found a snail-covered altar of Cheibriados.
  2766 | D:4      | Killed from afar by an orc priest

Skill      XL: |  1  2  3  4  5 |
---------------+----------------+-----
Axes           | 3 4 5 6 |  6.5
Fighting       | 4 |  4.2
Armour         | |  3.8
Shields        | |  3.8

Action                   |  1- 3 |  4- 6 || total
-------------------------+-------+-------++-------
Melee: War axe           |    98 |   141 ||   239
Invok: Convert to Beogh  |       |     1 ||     1
  Eat: Chunk             |     1 |     5 ||     6
Armor: Scale mail        |    53 |    59 ||   112
Dodge: Dodged            |    34 |    41 ||    75
Block: Shield            |    41 |    69 ||   110
